 Dungeon Crawl Stone Soup version 0.25.0-9-g26727b657a (webtiles) character file.

Game seed: 16485485978390838076

(classic levelgen) 181 EnegeticOcto the Shield-Bearer (level 5, -1/42 HPs)
             Began as a Formicid Fighter on June 21, 2020.
             Asphyxiated
             ... on level 3 of the Dungeon.
             The game lasted 00:02:29 (2462 turns).

EnegeticOcto the Shield-Bearer (Formicid Fighter)   Turns: 2462, Time: 00:02:29

Health: -1/42      AC: 11    Str: 22    XL:     5   Next: 92%
Magic:  5/5        EV:  8    Int:  7    God:
Gold:   167        SH:  9    Dex: 10    Spells: 4/4 levels left

rFire    . . .     SeeInvis +   a - +0 quarterstaff
rCold    + . .     Gourm    .   c - +0 kite shield
rNeg     . . .     Faith    .   b - +0 scale mail
rPois    .         Spirit   .   (helmet unavailable)
rElec    .         Reflect  .   (no cloak)
rCorr    .         Harm     .   (no gloves)
MR       .....                  (no boots)
Stlth    ..........             l - amulet of regeneration
HPRegen  0.54/turn              f - ring of protection from cold
MPRegen  0.09/turn              n - +4 ring of protection

@: lethally poisoned (-1 -> -28), stab, very slightly contaminated, invisible
A: permanent stasis, dig shafts and tunnels, four strong arms, antennae 3
a: Dig, Shaft Self


You were on level 3 of the Dungeon.
You were not hungry.

You visited 1 branch of the dungeon, and saw 3 of its levels.

You collected 167 gold pieces.

Inventory:

Hand Weapons
 a - a +0 quarterstaff (weapon)
Missiles
 r - a throwing net (quivered) {!f}
Armour
 b - a +0 scale mail (worn)
 c - a +0 kite shield (worn)
Jewellery
 f - a ring of protection from cold (left hand)
 l - an amulet of regeneration (around neck)
 n - a +4 ring of protection (right hand)
Scrolls
 h - a scroll of magic mapping {unknown}
 j - 2 scrolls of identify {@r1}
 k - a scroll of immolation {unknown}
 q - a scroll of remove curse {unknown}
Potions
 d - 3 potions of might {@q3 !q}
 g - a potion of stabbing {@q5 !q}
 i - a potion of magic
 m - a potion of degeneration {unknown}
 p - a potion of invisibility
Comestibles
 e - 5 rations
 o - a chunk of flesh


   Skills:
 + Level 4.1 Fighting
 * Level 3.9 Staves
 + Level 4.2 Armour
 + Level 4.5 Shields


You had 4 spell levels left.
You didn't know any spells.
Your spell library was empty.

Dungeon Overview and Level Annotations

Branches:
Dungeon (3/15)

Altars:
Cheibriados
Elyvilon
Hepliaklqana
Kikubaaqudgha


Innate Abilities, Weirdness & Mutations

You cannot be hasted, slowed, berserked, paralysed or teleported.
You can dig through walls and to a lower floor.
Your four strong arms can wield two-handed weapons with a shield.
You have a pair of large antennae on your head. (SInv)


Message History

No target in view!
Things that are here:
a +0 mace; a gnoll corpse You butcher the gnoll corpse.
o - 10 chunks of flesh (gained 1)
Things that are here:
a +0 mace; a gnoll skeleton
Things that are here:
a +0 mace; a gnoll skeleton Eating one of 10 chunks of flesh.
You eat one of the 10 chunks of flesh.
This raw flesh tastes terrible.
Found a +0 club.
Some of the chunks of flesh in your inventory have rotted away.
You now have 167 gold pieces (gained 11).
Found a stone staircase leading down.
Some of the chunks of flesh in your inventory have rotted away.
There is an open door here.
q - a scroll labeled VECSOPNEDAY
There is an open door here.
d - 2 potions of might {@q3 !q} (gained 1)
r - a throwing net {!f}
Things that are here:
a cursed +0 ring mail; a +0 flail
There is a stone staircase leading up here.
You sense a monster nearby.
There is an open door here.
There is a stone staircase leading up here.
Found 16 sling bullets.
You sense a monster nearby.
Some of the chunks of flesh in your inventory have rotted away.
All of the chunks of flesh in your inventory have rotted away.
You sense a monster nearby.
A frilled lizard comes into view.
The frilled lizard hisses angrily.
A frilled lizard is nearby!
A frilled lizard is nearby!
You hit the frilled lizard.
You kill the frilled lizard!
No target in view!
No target in view!
No target in view!
No target in view!
You butcher the frilled lizard corpse.
o - a chunk of flesh You see here a frilled lizard skeleton. x2
d - 3 potions of might {@q3 !q} (gained 1)
You see here a frilled lizard skeleton.
A kobold comes into view. It is quivering 8 curare-tipped darts.
The kobold shouts!
The kobold throws a curare-tipped dart.
The curare-tipped dart hits you.
You are poisoned.
You have difficulty breathing.
Your stasis prevents you from being slowed.
You see here a curare-tipped dart.
A kobold is nearby!
A kobold is nearby!
You feel sick.
The kobold throws a curare-tipped dart.
The curare-tipped dart hits you.
You are more poisoned.
You have difficulty breathing.
Your stasis prevents you from being slowed.
You see here a curare-tipped dart.
You are too injured to fight recklessly!
You are too injured to fight recklessly!
You are too injured to fight recklessly!
You are too injured to fight recklessly!
You are too injured to fight recklessly!
You are too injured to fight recklessly!
You are too injured to fight recklessly!
You are too injured to fight recklessly!
You are too injured to fight recklessly!
You are too injured to fight recklessly!
You are too injured to fight recklessly!
You are too injured to fight recklessly!
You are too injured to fight recklessly!
You are too injured to fight recklessly!
You are too injured to fight recklessly!
You feel sick.
The kobold throws a curare-tipped dart.
The curare-tipped dart hits you.
You are lethally poisoned!
You have difficulty breathing.
* * * LOW HITPOINT WARNING * * *
Your stasis prevents you from being slowed.
You see here a curare-tipped dart.
* * * LOW HITPOINT WARNING * * *
You feel very sick.
It was a potion of invisibility.
You fade into invisibility!
* * * LOW HITPOINT WARNING * * *
You feel sick.
The kobold throws a curare-tipped dart.
The curare-tipped dart closely misses you.
You are very lightly contaminated with residual magic.
It was a potion of stabbing.
You feel ready to backstab.
* * * LOW HITPOINT WARNING * * *
You feel very sick.
The kobold throws a curare-tipped dart.
The curare-tipped dart hits you.
You are more poisoned.
You have difficulty breathing.
You die...

#.####...............#.##....'{'.
..#....................##..###'##
..#.##............(..#.##..# #.#
#########################..###.##
## ## #........ ...##.####
#.#####.# .........##### #.# #..
....K....((#.# #.# ###
..###@(....###.# ##...(...#.#
###.....#.# #.......# ####....#
###..####### #......... ###
#############..####### #.#
#.##.......###.#


You could see a kobold.

Vanquished Creatures
  An orc wizard (D:3)
  3 gnolls (D:3)
  4 adders
  2 worms (D:2)
  A dart slug (D:1)
  3 leopard geckos
  6 orcs
  2 ball pythons (D:2)
  7 giant cockroaches
  6 goblins
  8 hobgoblins
  5 jackals (D:2)
  2 quokkas (D:3)
  7 bats
  3 frilled lizards
  5 kobolds
  8 rats
73 creatures vanquished.

Notes
Turn   | Place    | Note
-------+----------+-------------------------------------------
     0 | D:1      | EnegeticOcto the Formicid Fighter began the quest for the
                  | Orb.
     0 | D:1      | Reached XP level 1. HP: 18/18 MP: 1/1
    50 | D:1      | Reached XP level 2. HP: 18/24 MP: 2/2
   387 | D:1      | Reached XP level 3. HP: 29/29 MP: 3/3
   517 | D:1      | Reached skill level 4 in Shields
  1112 | D:2      | Reached skill level 3 in Staves
  1112 | D:2      | Reached XP level 4. HP: 16/37 MP: 4/4
  1373 | D:2      | You fall into a shaft and drop 1 floor!
  1428 | D:3      | Reached XP level 5. HP: 29/42 MP: 5/5
  1689 | D:2      | Found a white marble altar of Elyvilon.
  1807 | D:2      | Reached skill level 4 in Armour
  1934 | D:3      | Found a snail-covered altar of Cheibriados.
  1954 | D:3      | Reached skill level 4 in Fighting
  1977 | D:3      | Found a hazy altar of Hepliaklqana.
  2006 | D:3      | Found an ancient bone altar of Kikubaaqudgha.
  2462 | D:3      | Asphyxiated

Illustrated notes

Levels and vault maps discovered:
D:1:      grunt_arrival_lava_bath, layout_basic, minmay_misc_feat_secret_circle
D:2:      layout_basic, elyvilon_altar_1
D:3:      layout_basic, marbit_many_paths, lemuel_doored_altar,
          nicolae_overflow_hidden_temple, first_ration,
          nicolae_tso_carved_into_rock

Skill      XL: |  1  2  3  4  5 |
---------------+----------------+-----
Shields        | 4 |  4.5
Staves         | 3 |  3.9
Armour         | 4 |  4.2
Fighting       | 4 |  4.1

Action                   |  1- 3 |  4- 6 || total
-------------------------+-------+-------++-------
Melee: Quarterstaff      |    99 |   138 ||   237
  Use: Scroll            |     2 |       ||     2
       Potion            |       |     2 ||     2
  Eat: Chunk             |     1 |     4 ||     5
Armor: Scale mail        |    43 |    87 ||   130
Dodge: Dodged            |    40 |    69 ||   109
Block: Kite shield       |    59 |    88 ||   147
